 Dungeon Crawl Stone Soup version 0.24.0-1-gfbc8707 (webtiles) character file.

Game seed: 12786159767123737182, levelgen mode: deterministic

56 Fang the Skirmisher (level 3, -2/24 HPs)
             Began as a Gargoyle Berserker on Oct 31, 2019.
             Was a Believer of Trog.
             Slain by an adder (4 damage)
             ... on level 2 of the Dungeon.
             The game lasted 00:00:38 (674 turns).

Fang the Skirmisher (Gargoyle Berserker)             Turns: 674, Time: 00:00:39

Health: -2/24      AC:  5    Str: 21    XL:     3   Next: 97%
Magic:  3/3        EV: 11    Int:  7    God:    Trog [**....]
Gold:   39         SH:  0    Dex:  9    Spells: 2/2 levels left

rFire    . . .     SeeInvis .   a - +0 hand axe
rCold    . . .     Gourm    .   (no shield)
rNeg     + . .     Faith    .   b - +0 animal skin
rPois    ∞         Spirit   .   (no helmet)
rElec    +         Reflect  .   (no cloak)
rCorr    .         Harm     .   (no gloves)
MR       .....                  (no boots)
Stlth    +.........             (no amulet)
HPRegen  0.08/turn              (no ring)
MPRegen  0.08/turn              (no ring)

@: berserk cooldown, slowed, heavily drained, very slow
A: negative energy resistance 1, electricity resistance, unbreathing,
petrification resistance, rot immunity, AC +3
a: Berserk, Trog's Hand, Renounce Religion


You were on level 2 of the Dungeon.
You worshipped Trog.
Trog was pleased with you.
You were not hungry.

You visited 1 branch of the dungeon, and saw 2 of its levels.

You collected 39 gold pieces.

Inventory:

Hand Weapons
 a - a +0 hand axe (weapon)
Armour
 b - a +0 animal skin (worn)
Scrolls
 f - a scroll of identify {unknown}
 h - a scroll of fog {unknown}
Potions
 e - a potion of degeneration {unknown}
 g - a potion of invisibility {unknown}
Comestibles
 c - 5 rations
 d - 4 chunks of flesh


   Skills:
 * Level 4.0(2.6) Fighting
 * Level 3.2(1.9) Axes
 + Level 2.8(1.5) Armour
 + Level 2.1(0.8) Dodging


You had 2 spell levels left.
You didn't know any spells.
Your spell library was empty.

Dungeon Overview and Level Annotations

Branches:
Dungeon (2/15)

Altars:


Innate Abilities, Weirdness & Mutations

You are resistant to torment.
Your stone body is resilient. (AC +3)
You are immune to poison.
You resist negative energy. (rN+)
You are resistant to electric shocks. (rElec)
You can survive without breathing.
You are immune to petrification.
You are immune to rotting.


Message History

The adder barely misses you.
You closely miss the adder. You hit the goblin.
You kill the goblin!
Trog accepts your kill.
Your base Fighting skill increases to level 4!
The adder bites you but does no damage. The adder bites you.
* * * LOW HITPOINT WARNING * * *
The adder bites you but does no damage.
You hit the adder.
The adder is lightly wounded.
The adder bites you.
* * * LOW HITPOINT WARNING * * *
The adder misses you.
You miss the adder.
The adder is lightly wounded.
The adder bites you but does no damage. The adder barely misses you.
You slash the adder!
The adder is almost dead.
The adder bites you.
You die...

.... .## ..#.#
.. #..... .# .
#.....####.###..
...............
[.....#.#...#
#......)..#=#
#S@..## ###†?..#
#.<....#
#.###....# #..
...... ...#
##....# ..##
....# ..## ....#
. ..


You could see an adder.

Vanquished Creatures
  Natasha (D:2)
  An ooze (D:1)
  2 dart slugs
  4 bats
  2 giant cockroaches (D:1)
  3 goblins
  2 hobgoblins (D:1)
  2 kobolds (D:1)
  A frilled lizard (D:1)
  6 rats
24 creatures vanquished.

Notes
Turn   | Place    | Note
-------+----------+-------------------------------------------
     0 | D:1      | Fang the Gargoyle Berserker began the quest for the Orb.
     0 | D:1      | Reached XP level 1. HP: 14/14 MP: 1/1
   215 | D:1      | Reached XP level 2. HP: 19/19 MP: 2/2
   519 | D:1      | Reached XP level 3. HP: 18/24 MP: 3/3
   650 | D:2      | Reached ** piety under Trog
   654 | D:2      | Noticed Natasha
   663 | D:2      | Killed Natasha
   671 | D:2      | Reached skill level 4 in Fighting
   672 | D:2      | HP: 1/24 [adder (3)]
   674 | D:2      | Slain by an adder

Levels and vault maps discovered:
D:1:      eino_arrival_cavern_b, layout_loops_ring
D:2:      layout_rooms, uniq_natasha, uniq_robin

Skill      XL: |  1  2  3 |
---------------+----------+-----
Axes           | 3 |  3.2
Dodging        | 2 |  2.1
Fighting       | 4 |  4.0
Armour         | |  2.8

Action                   || total
-------------------------++-------
Melee: Hand axe          ||    91
Invok: Berserk           ||     1
 Stab: Sleeping          ||     2
Armor: Animal skin       ||    43
Dodge: Dodged            ||    62
